 Dungeon Crawl Stone Soup version 0.24-a0-784-g601f8f6d22 (webtiles) character file.

Game seed: 14560794716283044300, levelgen mode: deterministic

1486 HumanIsDead the Skirmisher (level 9, -4/74 HPs)
             Began as a Human Monk on Oct 9, 2019.
             Was an Initiate of Gozag.
             Killed from afar by an orc (13 damage)
             ... with a bolt of acid
             ... on level 6 of the Dungeon.
             The game lasted 00:25:31 (7215 turns).

HumanIsDead the Skirmisher (Human Monk)             Turns: 7215, Time: 00:25:32

Health: -4/74      AC:  3    Str: 12    XL:     9   Next: 7%
Magic:  9/9        EV: 17    Int: 13    God:    Gozag
Gold:   652        SH:  0    Dex: 16    Spells: 8/8 levels left

rFire    . . .     SeeInvis .   u - +2 whip (venom)
rCold    . . .     Gourm    .   (no shield)
rNeg     + . .     Faith    .   C - +2 leather armour {rN+}
rPois    .         Spirit   .   (no helmet)
rElec    .         Reflect  .   (no cloak)
rCorr    .         Harm     .   v - +0 pair of gloves
MR       .....                  o - +0 pair of boots
Stlth    ++........             (no amulet)
HPRegen  0.22/turn              (no ring)
MPRegen  0.11/turn              (no ring)

@: corroded, gold aura
A: no striking features
a: Potion Petition, Call Merchant, Bribe Branch, Renounce Religion


You were on level 6 of the Dungeon.
You worshipped Gozag.
Gozag was pleased with you.
You were hungry.

You visited 2 branches of the dungeon, and saw 7 of its levels.

You collected 652 gold pieces.

Inventory:

Hand Weapons
 a - a +0 spear
 b - a +0 hunting sling
 u - a +2 whip of venom (weapon)
Missiles
 s - 20 sling bullets
 t - 180 stones (quivered)
 z - a throwing net
Armour
 l - a +0 scale mail
 o - a +0 pair of boots (worn)
 r - a +0 robe
 v - a +0 pair of gloves (worn)
 C - a +2 leather armour of positive energy (worn)
Jewellery
 g - an uncursed amulet of magic regeneration {unknown}
 h - a cursed -2 ring of evasion {unknown}
 k - an uncursed amulet of guardian spirit {unknown}
 y - an uncursed ring of wizardry {unknown}
 A - an uncursed ring of positive energy {unknown}
 D - an uncursed ring of poison resistance {unknown}
 I - a +4 ring of evasion {unknown}
Wands
 F - a wand of flame (26)
Scrolls
 d - 3 scrolls of enchant weapon {unknown}
 e - 3 scrolls of identify {unknown}
 i - a scroll of enchant armour {unknown}
 m - 3 scrolls of remove curse {unknown}
 q - 3 scrolls of amnesia {unknown}
 w - a scroll of random uselessness {unknown}
 x - 2 scrolls of fear {unknown}
 E - 3 scrolls of teleportation {unknown}
Potions
 f - a potion of berserk rage {unknown}
 j - 5 potions of curing {unknown}
 n - 2 potions of heal wounds {unknown}
 p - a potion of ambrosia {unknown}
 B - a potion of resistance {unknown}
 G - a potion of agility {unknown}
 H - a potion of magic {unknown}
Comestibles
 c - 9 rations


   Skills:
 + Level 7.8 Fighting
 - Level 3.0 Polearms
 + Level 7.8 Dodging
 - Level 4.0 Stealth


You had 8 spell levels left.
You didn't know any spells.
Your spell library contained the following spells:

 Spells                   Type           Power        Failure   Level  Hunger
 Animate Skeleton         Necr           N/A          36%         1    ##.....
 Apportation              Tloc           #.....       36%         1    ##.....
 Confusing Touch          Hex            #.....       36%         1    ##.....
 Summon Small Mammal      Summ           #...         36%         1    ##.....


Dungeon Overview and Level Annotations

Branches:
Dungeon (6/15)             Temple (1/1) D:4

Altars:
Ashenzari
Dithmenos
Elyvilon
Fedhas
Gozag
Hepliaklqana
Kikubaaqudgha
Makhleb
Nemelex Xobeh
Okawaru
Qazlal
Ru
Sif Muna
Trog
Uskayaw
Vehumet
Wu Jian
Xom
Yredelemnul
Zin
The Shining One

Shops:
D:4 =   D:6 =


Message History

The orc wizard is almost dead.
You kill the orc wizard!
You closely miss the orc. The orc hits you but does no damage.
The orc zaps a wand.
The bolt of acid hits the orc!!
The orc is splashed with acid.
The orc dies!
The bolt of acid hits you.
You are splashed with acid!
The orc barely misses you.
Items here: $ ))) / ?? [[ You hit the orc.
The orc is poisoned.
The orc is heavily wounded.
The orc zaps a wand.
The bolt of acid hits you!!
* * * LOW HITPOINT WARNING * * *
The acid corrodes you!
You are splashed with acid!
* * * LOW HITPOINT WARNING * * *
You hit the orc but do no damage.
The orc looks as sick as possible!
The orc is heavily wounded.
The orc zaps a wand.
The bolt of acid hits you!
You die...
Your body crumbles into a pile of gold.

#.##.## ##.......##
#..
###.#...####.........#
...........'.........+
###.#...##.#........>#
#.....###.##.......#
#..#..# #.###.....## $
#...... #.# ##...##
#.##..#.#.# ##'## #.
#......# #@# #. #.##
### #o# #.# ... ...
....# .#.## .####


You could see an orc.

Vanquished Creatures
  4 ogres (D:6)
  A centaur (D:5)
  A big kobold (D:5)
  2 bullfrogs
  A scorpion (D:3)
  A crimson imp (D:5)
  A gnoll shaman (Temple)
  3 orc priests
  A bullfrog skeleton (D:5)
  2 hounds (D:5)
  3 orc wizards
  A centaur skeleton (D:5)
  3 worker ants
  A hound zombie (D:6)
  3 howler monkey skeletons
  7 adders
  16 gnolls
  2 oozes
  An adder zombie (D:5)
  4 worms
  A dart slug (D:1)
  3 leopard geckos
  14 orcs
  11 bats
  5 giant cockroaches
  5 goblins
  9 hobgoblins
  4 quokkas
  5 frilled lizards
  A giant cockroach zombie (D:6)
  A jackal skeleton (D:5)
  A jackal zombie (D:6)
  23 kobolds
  4 rats (D:2)
145 creatures vanquished.

Vanquished Creatures (others)
  An orc (D:6)
1 creature vanquished.

Grand Total: 146 creatures vanquished

Notes
Turn   | Place    | Note
-------+----------+-------------------------------------------
     0 | D:1      | HumanIsDead the Human Monk began the quest for the Orb.
     0 | D:1      | Reached XP level 1. HP: 18/18 MP: 1/1
   165 | D:1      | Reached XP level 2. HP: 15/24 MP: 2/2
   497 | D:1      | You fall into a shaft and drop 1 floor!
   533 | D:2      | Reached XP level 3. HP: 18/29 MP: 3/3
  1714 | D:2      | Reached XP level 4. HP: 31/35 MP: 4/4
  2427 | D:2      | HP: 1/35 [gnoll/+0 whip (8)]
  3127 | D:3      | Reached XP level 5. HP: 40/41 MP: 5/5
  3635 | D:4      | Found a staircase to the Ecumenical Temple.
  3642 | D:4      | Reached XP level 6. HP: 48/48 MP: 6/6
  3758 | Temple   | Entered the Ecumenical Temple
  4005 | Temple   | Became a worshipper of Gozag Ym Sagoz the Greedy
  4075 | Temple   | Reached skill level 5 in Fighting
  4075 | Temple   | Reached skill level 5 in Dodging
  4232 | D:4      | Reached XP level 7. HP: 49/56 MP: 7/7
  4266 | D:4      | Found an iron altar of Okawaru.
  4267 | D:4      | Found a glowing silver altar of Zin.
  4452 | D:4      | Found Xurphugh's Jewellery Shoppe.
  4703 | D:4      | Found a glowing golden altar of the Shining One.
  4958 | D:5      | Entered Level 5 of the Dungeon
  5397 | D:5      | Reached XP level 8. HP: 54/64 MP: 8/8
  6908 | D:6      | Reached XP level 9. HP: 47/72 MP: 9/9
  7121 | D:6      | Found Xem Masha's Jewellery Boutique.
  7215 | D:6      | Killed from afar by an orc

Levels and vault maps discovered:
D:1:      enne_arrival_octagon_isle, layout_loops_cross
D:2:      layout_loops_corners, minmay_domino_2
D:3:      layout_rooms
D:4:      layout_cave_pools, nicolae_tso_carved_into_rock,
          gammafunk_temple_overflow_pools, minmay_temple_entry_mist,
          serial_shops, nicolae_shop_statue_plus, amethyst_killhole
D:5:      kennysheep_kobold_camp, layout_loops_ring, first_ration
D:6:      layout_loops_corners, serial_shops, nicolae_shop_trees
Temple:   eino_narrow_crystal_temple

Skill      XL: |  1  2  3  4  5  6  7  8 |
---------------+-------------------------+-----
Stealth        | 3 4 |  4.0
Fighting       | 4 5 6 7 |  7.8
Dodging        | 4 5 6 7 |  7.8
Polearms       | |  3.0

Action                   |  1- 3 |  4- 6 |  7- 9 || total
-------------------------+-------+-------+-------++-------
Melee: Spear             |   164 |     8 |       ||   172
       Whip              |       |   111 |   320 ||   431
 Fire: Hunting sling     |       |    19 |       ||    19
 Stab: Sleeping          |     7 |     1 |     4 ||    12
       Distracted        |     1 |       |     1 ||     2
  Eat: Chunk             |     3 |     7 |       ||    10
       Ration            |       |       |     3 ||     3
Armor: Robe              |    12 |     2 |       ||    14
       Scale mail        |       |    54 |    38 ||    92
       Leather armour    |       |       |    39 ||    39
Dodge: Dodged            |    62 |    98 |   208 ||   368

Table legend:
 A = Non-vault XP
 B = Vault XP
 C = Vault XP percentage of total XP
 D = Non-vault monster count
 E = Vault monster count
 F = Vault count percentage of total count
                 A         B        C        D         E       F
            +---------+---------+-------+---------+---------+-------
      Total |    1994 |     129 |   6.1 |     122 |      23 |  15.9
            +---------+---------+-------+---------+---------+-------
        D:1 |      34 |       0 |   0.0 |      16 |       0 |   0.0
        D:2 |      84 |       2 |   2.3 |      23 |       2 |   8.0
        D:3 |     138 |       0 |   0.0 |      15 |       0 |   0.0
        D:4 |     251 |       0 |   0.0 |      18 |       0 |   0.0
        D:5 |     657 |     127 |  16.2 |      29 |      21 |  42.0
        D:6 |     719 |       0 |   0.0 |      15 |       0 |   0.0
     Temple |     111 |       0 |   0.0 |       6 |       0 |   0.0
            +---------+---------+-------+---------+---------+-------
